cohdb
Replays
Latest Replays
All Replays
Popular Replays
Top Player Replays
Match Explorer
How It Works
Community
CoH3 Stats
Reddit
Sign in to upload your games and track your stats! →
Sign in with Steam
Match 45549631
Unlisted
Match 45549631
Overview
Messages
Build Orders
End
Kettenkrad Recon Vehicle
Construct Infanterie Kompanie
Grenadier Squad
Grenadier Squad
Grenadier Squad
Grenadier Squad
Construct Luftwaffe Kompanie
Selects Mechanized Battlegroup
Selects Mechanized Battlegroup
Selects Mechanized Battlegroup
Jäger Squad
Medical Station
Support Elements
Selects Raid Package
Wirbelwind Flakpanzer
Jäger Squad
Selects StuG Assault Group
StuG Assault Group
Jäger Squad
chmod 777
Nick
DeeplyGoo
ThatFishCreigh
0
0
Comments
sign in to comment!
No comments posted yet!